 Dungeon Crawl Stone Soup version 0.23.2-1-ga50397a6bc (webtiles) character file.

Game seed: 1389056039011513322

2216 Kobolds4U the Carver (level 9, -8/103 HPs)
             Began as a Demonspawn Berserker on Apr 26, 2019.
             Was a Priest of Trog.
             Mangled by an orc warrior
             ... wielding a +0 long sword
              (19 damage)
             ... on level 6 of the Dungeon.
             The game lasted 00:18:25 (6911 turns).

Kobolds4U the Carver (Demonspawn Berserker)         Turns: 6911, Time: 00:18:26

Health: -8/103     AC: 13    Str: 23    XL:     9   Next: 13%
Magic:  9/9        EV:  9    Int:  8    God:    Trog [***...]
Gold:   89         SH:  0    Dex: 16    Spells: 8/8 levels left

rFire    . . .     SeeInvis .   a - +0 falchion
rCold    . . .     Gourm    +   (no shield)
rNeg     . . .     Faith    .   u - +0 chain mail
rPois    .         Spirit   .   D - +0 helmet
rElec    .         Reflect  .   (no cloak)
rCorr    .         Harm     .   (no gloves)
MR       .....                  m - +0 pair of boots
Stlth    ..........             M - amulet of the gourmand
HPRegen  0.27/turn              n - +1 ring of slaying
MPRegen  0.11/turn              z - ring of flight

@: berserking, very quick
A: slimy green scales 1, foul stench 1, rot immunity
a: Berserk, Trog's Hand, Renounce Religion, Evoke Flight


You were on level 6 of the Dungeon.
You worshipped Trog.
Trog was most pleased with you.
You were very full.

You visited 1 branch of the dungeon, and saw 7 of its levels.
You also visited: Sewer.

You collected 215 gold pieces.
You spent 126 gold pieces at shops.

Inventory:

Hand Weapons
 a - a +0 falchion (weapon)
Missiles
 y - 8 tomahawks (quivered)
Armour
 b - a +0 animal skin
 j - a +0 leather armour of fire resistance
 m - a +0 pair of boots (worn)
 r - a +1 robe of magic resistance
 t - a +0 scale mail
 u - a +0 chain mail (worn)
 D - a +0 helmet (worn)
Jewellery
 n - a +1 ring of slaying (left hand)
 z - a ring of flight (right hand)
 M - an amulet of the gourmand (around neck)
Wands
 p - a wand of flame (11)
 J - a wand of digging (4)
Scrolls
 d - 4 scrolls of fog {unknown}
 e - 4 scrolls of remove curse
 h - 8 scrolls of teleportation
 l - a scroll of enchant weapon {unknown}
 o - a scroll of fear {unknown}
 v - a scroll of noise
 w - a scroll of magic mapping {unknown}
 x - a scroll of amnesia {unknown}
 C - a scroll of enchant armour {unknown}
 F - a scroll of blinking {unknown}
 G - a scroll of random uselessness {unknown}
 H - 3 scrolls of immolation
 K - 3 scrolls of identify
Potions
 f - 7 potions of curing
 g - 4 potions of might {unknown}
 i - 2 potions of magic {unknown}
 k - 2 potions of lignification {unknown}
 q - 3 potions of brilliance
 s - 2 potions of flight
 A - 2 potions of heal wounds {unknown}
 B - 2 potions of haste
 E - 2 potions of agility {unknown}
 I - 2 potions of invisibility {unknown}
 L - a potion of degeneration {unknown}
Comestibles
 c - 14 rations
 N - 10 chunks of flesh


   Skills:
 + Level 5.9 Fighting
 * Level 9.8 Long Blades
 + Level 3.8 Armour
 - Level 1.7 Dodging


You had 8 spell levels left.
You didn't know any spells.
Your spell library was empty.

Dungeon Overview and Level Annotations

Branches:
Dungeon (7/15)
 Temple: D:4-7

Altars:
Gozag
Okawaru
Qazlal
Ru

Shops:
D:6 ?


Innate Abilities, Weirdness & Mutations

You are partially covered in slimy green scales. (AC +2)
You may emit foul miasma when damaged in melee.
You are immune to rotting.


Message History

The orc warrior is moderately wounded.
The orc warrior completely misses you.
You hit the orc warrior but do no damage.
The orc warrior is moderately wounded.
You hit the orc warrior.
The orc warrior is moderately wounded.
The orc warrior hits you with a +0 long sword!
* * * LOW HITPOINT WARNING * * *
Your chain mail prevents you from hitting the orc warrior.
The orc warrior is moderately wounded.
The orc warrior hits you with a +0 long sword.
* * * LOW HITPOINT WARNING * * *
A red film seems to cover your vision as you go berserk!
You feel yourself moving faster!
You feel mighty!
Your skin stops crawling.
You feel less resistant to hostile enchantments.
Your chain mail prevents you from hitting the orc warrior.
The orc warrior is moderately wounded.
The orc warrior hits you with a +0 long sword!!
You die...

......#####..........####÷.#####
........###........#..#.#÷.....##
.........#..[......#............#
........##.........#...........##
.........>..................##...
..................<..............
.................................
#......................≈≈≈.......
#...............@.....≈≈≈≈≈......
.)...#....#.....o.....≈≈.≈≈......
.##......##...........≈≈≈≈≈.....#
.#..(..................≈≈≈.......
.#......#......##.#..........#...
###...###.......#............#...
###..## ##.....∩..)..............
.#....###..........##.........#..
........#.....>.#..##............


You could see an orc warrior.

Vanquished Creatures
  Grinder (D:6)
  Sigmund (D:2)
  Edmund (D:5)
  Purgy (D:3)
  A black bear (D:6)
  2 orc warriors
  A necrophage (D:6)
  An ogre (D:6)
  2 centaurs
  2 bullfrogs
  A scorpion (D:4)
  2 howler monkeys
  A centaur zombie (D:6)
  2 bullfrog zombies (D:6)
  3 crimson imps
  A bullfrog skeleton (D:6)
  4 orc priests
  3 hounds
  2 worker ants (D:4)
  An iguana (D:5)
  4 gnolls (D:5)
  7 adders
  2 river rats (Sewer)
  2 shadow imps (D:6)
  3 oozes (D:1)
  An adder zombie (D:5)
  An adder skeleton (D:4)
  3 worms
  3 dart slugs
  4 leopard geckos
  13 orcs
  4 giant cockroaches
  5 goblins
  6 hobgoblins
  16 jackals
  6 kobolds
  3 quokkas
  8 ball pythons
  6 bats
  11 frilled lizards
  A leopard gecko skeleton (D:4)
  2 leopard gecko zombies
  13 rats
157 creatures vanquished.

Notes
Turn   | Place    | Note
-------+----------+-------------------------------------------
     0 | D:1      | Kobolds4U the Demonspawn Berserker began the quest for the
                  | Orb.
     0 | D:1      | Reached XP level 1. HP: 18/18 MP: 1/1
    42 | D:1      | Reached skill level 3 in Long Blades
    73 | D:1      | Gained mutation: You are partially covered in slimy green
                  | scales. (AC +2) [demonic ancestry]
    73 | D:1      | Reached XP level 2. HP: 23/24 MP: 2/2
   279 | D:1      | Gained mutation: You are immune to rotting. [demonic
                  | ancestry]
   279 | D:1      | Reached XP level 3. HP: 14/29 MP: 3/3
   544 | D:1      | Reached skill level 4 in Long Blades
   552 | D:1      | Reached ** piety under Trog
  1070 | D:2      | Noticed a bullfrog
  1077 | D:2      | Killed a bullfrog
  1077 | D:2      | Reached XP level 4. HP: 31/35 MP: 4/4
  1116 | D:2      | Reached skill level 5 in Long Blades
  1216 | D:2      | Noticed Sigmund
  1227 | D:2      | Killed Sigmund
  1227 | D:2      | Reached skill level 6 in Long Blades
  1227 | D:2      | Reached XP level 5. HP: 41/41 MP: 5/5
  1227 | D:2      | Reached XP level 6. HP: 47/47 MP: 6/6
  3017 | D:3      | Noticed Purgy
  3057 | D:3      | Killed Purgy
  3057 | D:3      | Reached skill level 7 in Long Blades
  3567 | D:3      | Reached XP level 7. HP: 47/52 MP: 7/7
  4690 | D:4      | Found a sacrificial altar of Ru.
  4999 | D:5      | Entered Level 5 of the Dungeon
  5097 | D:5      | Reached skill level 8 in Long Blades
  5338 | D:5      | Found a stormy altar of Qazlal.
  5415 | D:5      | Reached *** piety under Trog
  5416 | D:5      | Noticed Edmund
  5438 | D:5      | Killed Edmund
  5438 | D:5      | Reached XP level 8. HP: 61/61 MP: 8/8
  5886 | D:6      | Found a glowing drain.
  5921 | D:6      | Found Ufath's Magic Scroll Boutique.
  5955 | D:6      | Bought a scroll of immolation for 42 gold pieces
  5955 | D:6      | Bought a scroll of noise for 12 gold pieces
  5955 | D:6      | Bought a scroll of identify for 24 gold pieces
  5955 | D:6      | Bought a scroll of identify for 24 gold pieces
  5955 | D:6      | Bought a scroll of identify for 24 gold pieces
  5968 | D:6      | Reached skill level 5 in Fighting
  5968 | D:6      | Reached skill level 9 in Long Blades
  6026 | Sewer    | Entered a sewer
  6408 | D:6      | Noticed Grinder
  6425 | D:6      | Killed Grinder
  6536 | D:6      | Gained mutation: You may emit foul miasma when damaged in
                  | melee. [demonic ancestry]
  6536 | D:6      | Reached XP level 9. HP: 69/69 MP: 9/9
  6545 | D:6      | Got a twisted spear
  6546 | D:6      | Identified the +4 spear of Armageddon {antimagic, +Blink
                  | +Fly Str+4 Stlth+} (You found it on level 6 of the Dungeon)
  6640 | D:6      | Found an opulent altar of Gozag.
  6773 | D:6      | Found an iron altar of Okawaru.
  6911 | D:6      | Mangled by an orc warrior

Skill      XL: |  1  2  3  4  5  6  7  8 |
---------------+-------------------------+-----
Long Blades    | 3 4 6 7 8 9 |  9.8
Fighting       | 4 5 |  5.9
Armour         | 3 |  3.8
Dodging        | |  1.7

Action                   |  1- 3 |  4- 6 |  7- 9 || total
-------------------------+-------+-------+-------++-------
Melee: Falchion          |    90 |   263 |   438 ||   791
Invok: Trog's Hand       |       |     3 |     6 ||     9
       Berserk           |       |     3 |     5 ||     8
  Use: Scroll            |       |     1 |     5 ||     6
 Stab: Sleeping          |     3 |       |       ||     3
  Eat: Chunk             |     1 |    12 |    37 ||    50
Armor: Animal skin       |     5 |       |       ||     5
       Leather armour    |    20 |    23 |       ||    43
       Scale mail        |       |   108 |    95 ||   203
       Chain mail        |       |       |    97 ||    97
Dodge: Dodged            |    71 |   171 |   179 ||   421
       Rpst.: Falchion   |    33 |    40 |    43 ||   116
